 Dungeon Crawl Stone Soup version 0.31-a0-544-gceb718ecc6 (webtiles) character file.

Game seed: 17695300672921964817

135 Fodor the Covered (level 4, -2/40 HPs)
             Began as a Minotaur Fighter on Aug 15, 2023.
             Slain by an orc wizard
             ... wielding a +0 dagger
              (4 damage)
             ... on level 3 of the Dungeon on Aug 16, 2023.
             The game lasted 00:14:01 (2128 turns).

Fodor the Covered (Minotaur Fighter)                Turns: 2128, Time: 00:14:02

Health: -2/40      AC:  8    Str: 23    XL:     4   Next: 97%
Magic:  3/3        EV:  9    Int:  5    God:
Gold:   150        SH:  4    Dex:  9    Spells: 3/3 levels left

rFire   . . .        a - +0 long sword
rCold   . . .        c - +0 buckler
rNeg    . . .        b - +0 scale mail
rPois   .            (helmet restricted)
rElec   .            (no cloak)
rCorr   .            l - +0 pair of gloves
SInv    .            (no boots)
Will    .....        (no amulet) Stlth
                     (no ring)
HPRegen 0.26/turn    (no ring)
MPRegen 0.08/turn

%: no passive effects
@: mighty
A: horns 2, retaliatory headbutt
a: no special abilities


You were on level 3 of the Dungeon.
You visited 1 branch of the dungeon, and saw 3 of its levels.

You collected 150 gold pieces.

Inventory:

Hand Weapons
 a - a +0 long sword (weapon)
Missiles
 h - 4 poisoned darts (quivered)
Armour
 b - a +0 scale mail (worn)
 c - a +0 buckler (worn)
 l - a +0 pair of gloves (worn)
Scrolls
 e - a scroll of revelation {unknown}
 f - 2 scrolls of vulnerability {unknown}
 j - 2 scrolls of fog {unknown}
 k - a scroll of enchant armour {unknown}
 m - 2 scrolls of identify {unknown}
 o - a scroll of noise {unknown}
 p - a scroll of silence {unknown}
Potions
 g - 3 potions of cancellation {unknown}
 i - 3 potions of heal wounds {unknown}
 n - a potion of mutation {unknown}
 q - a potion of enlightenment {unknown}
 r - a potion of degeneration {unknown}


   Skills:
 + Level 4.2 Fighting
 + Level 4.4 Long Blades
 + Level 4.6 Armour
 + Level 1.0 Dodging
 + Level 4.1 Shields


You had 3 spell levels left.
You didn't know any spells.
Your spell library contained the following spells:

 Spells                   Type           Power      Damage    Failure   Level
 Kiss of Death            Conj/Necr      0%         2d5       83%         1
 Confusing Touch          Hex            0%         N/A       99%         3
 Dazzling Flash           Conj/Hex       0%         N/A       99%         3
 Vhi's Electric Charge    Tloc/Air       0%         N/A       99%         3
 Volatile Blastmotes      Fire/Tloc      0%         2d10      99%         3
 Dispel Undead            Necr           0%         3d6       100%        4
 Arcjolt                  Conj/Air       0%         1d10      100%        5
 Plasma Beam              Fire/Air       0%         2x1d10    100%        6
 Starburst                Conj/Fire      0%         6d3       100%        6
 Maxwell's Capacitive Co  Air            0%         ∞         100%        8


Dungeon Overview and Level Annotations

Branches:
Dungeon (3/15)

Altars:
Vehumet


Innate Abilities, Weirdness & Mutations

You have a pair of horns on your head.
You reflexively headbutt those who attack you in melee.


Message History

You feel very mighty all of a sudden. The orc hits you with a +0 dagger.
The hobgoblin hits you but does no damage.
You block the orc wizard's attack.
You slash the orc!
You kill the orc!
The hobgoblin closely misses you. The orc wizard barely misses you.
You block the worm's attack.
The orc wizard gestures wildly while chanting.
The orc wizard flickers and vanishes!
Deactivating autopickup; reactivate with Ctrl-A.
The hobgoblin hits you but does no damage.
Things that are here:
a +0 dagger; a +0 leather armour; an orc corpse The worm bites you.
You hear some strange, mumbled words.
Something tries to affect you, but you resist.
The worm bites you.
* * * LOW HITPOINT WARNING * * *
The hobgoblin hits you but does no damage.
Something hits you but does no damage. The worm bites you.
* * * LOW HITPOINT WARNING * * *
The hobgoblin misses you. The hobgoblin closely misses you.
You furiously retaliate!
You headbutt the hobgoblin!
You kill the hobgoblin!
You block something's attack.
You hear some strange, mumbled words.
Something tries to affect you, but you resist.
Something hits you but does no damage.
You slash the worm! You headbutt the worm.
You kill the worm!
Something hits you.
* * * LOW HITPOINT WARNING * * *
Something hits you.
* * * LOW HITPOINT WARNING * * *
Something hits you.
* * * LOW HITPOINT WARNING * * *
Something hits you.
You die...

.................
#..............
#..............
##.............
###########....).........
............##...........
.............#.(.........
.................).....#.
..........####..@..#..##
...........#####..#..##
.....................#
..........######†#..##
..........# #)#.##
..........######.#.#
..........#......#.#
............###....#
..#........##...........


There were no monsters in sight!

Vanquished Creatures
  A hound (D:2)
  An adder (D:2)
  A gnoll (D:2)
  3 worms
  2 dart slugs
  2 orcs (D:3)
  4 ball pythons
  9 bats
  3 endoplasms
  A giant cockroach (D:2)
  7 goblins
  6 hobgoblins
  4 jackals
  4 kobolds
  8 quokkas
  3 frilled lizards
  7 rats
66 creatures vanquished.

Notes
Turn   | Place    | Note
-------+----------+-------------------------------------------
     0 | D:1      | Fodor the Minotaur Fighter began the quest for the Orb.
     0 | D:1      | Reached XP level 1. HP: 19/19 MP: 0/0
   140 | D:1      | Reached XP level 2. HP: 26/27 MP: 1/1
   566 | D:1      | Reached XP level 3. HP: 33/33 MP: 2/2
   914 | D:2      | Found a faded altar of an unknown god.
  1037 | D:2      | Identified the +1 ring mail of Juthek {rPois rCorr Int-4}
  1273 | D:2      | Found a radiant altar of Vehumet.
  1669 | D:2      | Reached XP level 4. HP: 31/40 MP: 3/3
  2023 | D:3      | Reached skill level 1 in Dodging
  2125 | D:3      | HP: 2/40 [something (3)]
  2128 | D:3      | Slain by an orc wizard

Illustrated notes

Levels and vault maps discovered:
D:1:      mushboom_english_gardens, layout_loops_ring
D:2:      layout_loops_corners, shapermc_ecumenical_altar_starsandcircs,
          basic_altar, minmay_divided_ellipse
D:3:      layout_rooms, serial_park_tiny_2

Skill      XL: |  1  2  3  4 |
---------------+-------------+-----
Fighting       | 4 |  4.2
Armour         | 4 |  4.6
Long Blades    | 3 4 |  4.4
Shields        | 4 |  4.1
Dodging        | 1 |  1.0

Action                     |  1- 3 |  4- 6 || total
---------------------------+-------+-------++-------
  Melee: Long sword        |   117 |    49 ||   166
         Headbutt          |    13 |     6 ||    19
    Use: Potion            |       |     1 ||     1
 Armour: Scale mail        |    81 |    59 ||   140
  Dodge: Dodged            |    78 |    48 ||   126
  Block: Buckler           |    29 |    21 ||    50

Table legend: (Time is in decaauts)
 A = Elapsed time spent in this place.
 B = Non-inter-level travel time spent in this place.
 C = Inter-level travel time spent in this place.
 D = Time resting spent in this place.
 E = Time spent auto-exploring this place.
 F = Levels seen in this place.
 G = Mean time per level.
                   A        B        C        D        E       F      G
               +--------+--------+--------+--------+--------+-----+--------+
         Total |   2172 |   2115 |     57 |     89 |      0 |   3 |  724.0 |
       Dungeon |   2172 |   2115 |     57 |     89 |      0 |   3 |  724.0 |
               +--------+--------+--------+--------+--------+-----+--------+

Top non-repeatable levels by time:
     D:2: 1201 daAuts
     D:1: 850 daAuts
     D:3: 121 daAuts
